[Event "2nd Serbian League-Vojvodina 2023"]
[Site "Novi Sad"]
[Date "2023.11.08"]
[Round "9.1"]
[White "Nevednichy, Vladislav"]
[Black "Skvortsov, Andrei"]
[Result "1-0"]
[ECO "A29"]
[WhiteElo "2447"]
[BlackElo "2294"]
[Annotator "RC"]
[PlyCount "105"]
[EventDate "2023.10.22"]
[EventType "team-tourn"]
[EventCountry "SRB"]
[SourceTitle "playchess.com"]
[Source "ChessBase"]
[SourceQuality "1"]
[TimeControl "40/5400+30:1800+30"]

1. c4 e5 2. Nc3 Nf6 3. Nf3 Nc6 4. g3 Bc5 5. Bg2 a6 6. O-O d6 7. e3 O-O 8. a3 Rb8 9. Qc2 Ba7 10. b4 Ne7 11. h3 Bf5 12. d3 Ng6 13. Kh2 b5 14. e4 Bd7 15. c5 dxc5 16. Be3 Bc6 17. bxc5 Qe7 18. d4 Bb7 19. Rad1 c6 20. dxe5 Nd7 21. Nd4 Ngxe5 22. Nf5 Qe6 23. Rd6 Qe8 24. Rfd1 Nxc5 25. Na4 Nxa4 26. Bxa7 Rc8 27. f4 Ng6 28. Rd7 Ba8 29. h4 c5 30. e5 Bxg2 31. Kxg2 h5 32. R1d6 Rc6 33. Kh2 Rxd6 34. Rxd6 Ne7 35. Nxg7 Kxg7 36. f5 Ng6 37. fxg6 Qxe5 38. Rxa6 Nc3 39. Bxc5 Qxc5 40. gxf7 Rxf7 41. Qg6+ Kf8 42. Qh6+ Rg7 43. Qf6+ Kg8 44. Rc6 Qe7 45. Rc8+ Kh7 46. Qf5+ Rg6 47. Qxh5+ Rh6 48. Qf5+ Rg6 49. Qf6 Rg7 50. Qf5+ Rg6 51. Qh5+ Rh6 52. Qf5+ Rg6 53. h5 1-0

[Event "2nd Serbian League-Vojvodina 2023"]
[Site "Novi Sad"]
[Date "2023.11.08"]
[Round "9.2"]
[White "Levitan, Caleb Levi"]
[Black "Stoleriu, George"]
[Result "1/2-1/2"]
[ECO "B13"]
[WhiteElo "2219"]
[BlackElo "2400"]
[Annotator "RC"]
[PlyCount "49"]
[EventDate "2023.10.22"]
[EventType "team-tourn"]
[EventCountry "SRB"]
[SourceTitle "playchess.com"]
[Source "ChessBase"]
[SourceQuality "1"]
[TimeControl "40/5400+30:1800+30"]

1. e4 c6 2. d4 d5 3. exd5 cxd5 4. Bd3 Nc6 5. c3 Nf6 6. Bf4 Bg4 7. Qb3 e5 8. h3 Na5 9. Qc2 exf4 10. hxg4 Nxg4 11. Qe2+ Qe7 12. Nh3 f3 13. Qxe7+ Bxe7 14. g3 g6 15. Nd2 O-O 16. Nxf3 b5 17. Nf4 Nf6 18. O-O Rab8 19. b4 Nc4 20. a4 Bd6 21. axb5 Bxf4 22. gxf4 Rfc8 23. Rfc1 Nh5 24. Rxa7 Nxf4 25. Bxc4 1/2-1/2

[Event "2nd Serbian League-Vojvodina 2023"]
[Site "Novi Sad"]
[Date "2023.11.08"]
[Round "9.3"]
[White "Sekulic, Dusan"]
[Black "Ljepic, Andrej"]
[Result "0-1"]
[ECO "E11"]
[WhiteElo "2145"]
[BlackElo "2236"]
[Annotator "RC"]
[PlyCount "106"]
[EventDate "2023.10.22"]
[EventType "team-tourn"]
[EventCountry "SRB"]
[SourceTitle "playchess.com"]
[Source "ChessBase"]
[SourceQuality "1"]
[TimeControl "40/5400+30:1800+30"]

1. d4 Nf6 2. Nf3 e6 3. c4 Bb4+ 4. Nbd2 O-O 5. a3 Bxd2+ 6. Qxd2 b6 7. g3 Bb7 8. Bg2 a5 9. b3 d6 10. O-O Nbd7 11. Bb2 Qe7 12. Rfd1 Be4 13. Bf1 h6 14. Ne1 e5 15. f3 Bg6 16. e4 exd4 17. Qxd4 Nc5 18. Qc3 a4 19. b4 Nb3 20. Rab1 c5 21. Nc2 Ne8 22. Re1 f6 23. Bg2 Qa7 24. b5 Nc7 25. Rbd1 Rad8 26. f4 Bh5 27. Rd3 Ne6 28. Rd5 Bf7 29. e5 fxe5 30. fxe5 Ned4 31. Rxd6 Rxd6 32. exd6 Qd7 33. Ne3 Qxd6 34. Nd5 Bh5 35. Nf4 Bf7 36. Nd5 Kh8 37. Qe3 Be6 38. Qe5 Qxe5 39. Rxe5 Bxd5 40. Bxd5 Nf3+ 41. Bxf3 Rxf3 42. Re6 Nd2 43. Rxh6+ Kg8 44. Rg6 Nxc4 45. Bxg7 Kf7 46. Rg4 Ne3 47. Rf4+ Rxf4 48. gxf4 Kxg7 49. Kf2 Nf5 50. Kf3 Kf6 51. Ke4 Nd6+ 52. Kd5 Nxb5 53. h4 Nd4 0-1

[Event "2nd Serbian League-Vojvodina 2023"]
[Site "Novi Sad"]
[Date "2023.11.08"]
[Round "9.4"]
[White "Dimitrijevic, Nenad"]
[Black "Kovacevic, Sinisa"]
[Result "0-1"]
[ECO "A07"]
[WhiteElo "2196"]
[BlackElo "2240"]
[Annotator "RC"]
[PlyCount "56"]
[EventDate "2023.10.22"]
[EventType "team-tourn"]
[EventCountry "SRB"]
[SourceTitle "playchess.com"]
[Source "ChessBase"]
[SourceQuality "1"]
[TimeControl "40/5400+30:1800+30"]

1. b3 d5 2. Bb2 Nf6 3. Nf3 Bf5 4. g3 e6 5. Bg2 c5 6. O-O Nc6 7. d3 Be7 8. Nbd2 O-O 9. Nh4 Bg4 10. h3 Bh5 11. g4 Nd7 12. gxh5 Bxh4 13. e4 d4 14. f4 e5 15. Kh1 exf4 16. Rxf4 Nce5 17. Qe2 Bg3 18. Rf5 g6 19. Rff1 Qh4 20. hxg6 fxg6 21. Nc4 Bf2 22. Nd2 Qg3 23. Rfd1 Nf6 24. Nf1 Qh4 25. Bc1 Nh5 26. Kh2 Ng3 27. Nxg3 Qxg3+ 28. Kh1 Nf3 0-1

[Event "2nd Serbian League-Vojvodina 2023"]
[Site "Novi Sad"]
[Date "2023.11.08"]
[Round "9.5"]
[White "Parezanin, Darko"]
[Black "Bokan, Danko"]
[Result "1-0"]
[ECO "C24"]
[WhiteElo "2192"]
[BlackElo "2135"]
[Annotator "RC"]
[PlyCount "95"]
[EventDate "2023.10.22"]
[EventType "team-tourn"]
[EventCountry "SRB"]
[SourceTitle "playchess.com"]
[Source "ChessBase"]
[SourceQuality "1"]
[TimeControl "40/5400+30:1800+30"]

1. e4 e5 2. Bc4 c6 3. d3 d5 4. exd5 cxd5 5. Bb3 Nc6 6. Nf3 Nf6 7. O-O Be7 8. Re1 Bg4 9. h3 Bxf3 10. Qxf3 O-O 11. c3 h6 12. Nd2 Qd6 13. Nf1 Rfd8 14. Ng3 Bf8 15. Nf5 Qe6 16. g4 Ne7 17. Bf4 Nxf5 18. Rxe5 Nh4 19. Qg3 Qc6 20. Qxh4 g5 21. Bxg5 hxg5 22. Qxg5+ Bg7 23. Qf5 Re8 24. Rae1 Rxe5 25. Rxe5 Re8 26. Rxe8+ Qxe8 27. g5 Qe6 28. Qxe6 fxe6 29. gxf6 Bxf6 30. f4 Kf7 31. f5 Ke7 32. Kf2 Kd6 33. fxe6 Kxe6 34. Ke3 Ke5 35. d4+ Ke6 36. Bd1 Bg5+ 37. Kd3 b5 38. a4 bxa4 39. Bxa4 Kd6 40. b3 Bd8 41. c4 dxc4+ 42. bxc4 Bf6 43. Ke4 Be7 44. c5+ Ke6 45. d5+ Kf6 46. d6 Bf8 47. Kd5 a5 48. c6 1-0

[Event "2nd Serbian League-Vojvodina 2023"]
[Site "Novi Sad"]
[Date "2023.11.08"]
[Round "9.6"]
[White "Sokic, Dragomir"]
[Black "Krejic, Igor"]
[Result "0-1"]
[ECO "C22"]
[WhiteElo "2095"]
[BlackElo "2128"]
[Annotator "RC"]
[PlyCount "88"]
[EventDate "2023.10.22"]
[EventType "team-tourn"]
[EventCountry "SRB"]
[SourceTitle "playchess.com"]
[Source "ChessBase"]
[SourceQuality "1"]
[TimeControl "40/5400+30:1800+30"]

1. e4 e5 2. d4 exd4 3. Qxd4 Nc6 4. Qe3 Nge7 5. Bc4 d6 6. Qb3 Ne5 7. Be2 d5 8. f4 N5c6 9. Nf3 g6 10. exd5 Nxd5 11. O-O Bc5+ 12. Kh1 Nf6 13. Ne5 O-O 14. Nxc6 bxc6 15. Nd2 Bf5 16. c4 a5 17. Qg3 a4 18. Nf3 Qe7 19. Ne5 Ne4 20. Qe1 a3 21. Bf3 Nd6 22. g4 Be6 23. b4 Bd4 24. Nxc6 Qf6 25. Nxd4 Qxd4 26. Be3 Qxc4 27. Bxa8 Rxa8 28. h3 Re8 29. Kh2 Bd5 30. Qd2 Qe4 31. Bc5 Nc4 32. Qf2 Rd8 33. Rfe1 Qd3 34. Rad1 Qc3 35. g5 c6 36. b5 Rc8 37. b6 Be6 38. Qg3 Qc2+ 39. Qg2 Qf5 40. Be3 Rb8 41. Qxc6 Qxh3+ 42. Kg1 Nxe3 43. Rd3 Qg3+ 44. Kh1 Qxe1+ 0-1

[Event "2nd Serbian League-Vojvodina 2023"]
[Site "Novi Sad"]
[Date "2023.11.08"]
[Round "9.7"]
[White "Bokros, Albert"]
[Black "Samani, Yamac"]
[Result "1/2-1/2"]
[ECO "C90"]
[WhiteElo "2447"]
[BlackElo "2349"]
[Annotator "RC"]
[PlyCount "49"]
[EventDate "2023.10.22"]
[EventType "team-tourn"]
[EventCountry "SRB"]
[SourceTitle "playchess.com"]
[Source "ChessBase"]
[SourceQuality "1"]
[TimeControl "40/5400+30:1800+30"]

1. e4 e5 2. Nf3 Nc6 3. Bb5 a6 4. Ba4 Nf6 5. d3 b5 6. Bb3 Be7 7. O-O d6 8. c3 O-O 9. Re1 Na5 10. Bc2 c5 11. Nbd2 Nc6 12. Nf1 Be6 13. Ng3 Qc7 14. Bb3 h6 15. Bxe6 fxe6 16. a4 Rab8 17. axb5 axb5 18. h3 Rf7 19. Be3 d5 20. Ra6 Nd7 21. exd5 exd5 22. Qb3 c4 23. dxc4 bxc4 24. Qa4 Rf6 25. Rd1 1/2-1/2

[Event "2nd Serbian League-Vojvodina 2023"]
[Site "Novi Sad"]
[Date "2023.11.08"]
[Round "9.8"]
[White "Alimpic, Aleksa"]
[Black "Varga, Zoltan"]
[Result "1/2-1/2"]
[ECO "B07"]
[WhiteElo "2290"]
[BlackElo "2356"]
[Annotator "RC"]
[PlyCount "117"]
[EventDate "2023.10.22"]
[EventType "team-tourn"]
[EventCountry "SRB"]
[SourceTitle "playchess.com"]
[Source "ChessBase"]
[SourceQuality "1"]
[TimeControl "40/5400+30:1800+30"]

1. d4 d6 2. e4 Nf6 3. Nd2 g6 4. Ngf3 Bg7 5. Bb5+ c6 6. Bd3 Nh5 7. O-O Nf4 8. Bc4 d5 9. Bb3 O-O 10. Re1 a5 11. a4 Na6 12. Nf1 dxe4 13. Rxe4 Nd5 14. Bg5 h6 15. Bd2 Bf5 16. Re1 Bg4 17. h3 Bxf3 18. Qxf3 e6 19. Rad1 Kh7 20. c4 Ne7 21. Bc3 Qb6 22. Bc2 Nb4 23. Bb1 Rad8 24. c5 Qc7 25. h4 Nbd5 26. h5 Qf4 27. Qh3 Qg5 28. Bd2 Nf4 29. Bxf4 Qxf4 30. Re4 Qf6 31. Ne3 Kh8 32. g4 Nd5 33. Nc4 Qg5 34. hxg6 f5 35. Re5 Nf4 36. Qf3 fxg4 37. Rxg5 gxf3 38. Rg4 Rxd4 39. Rxd4 Bxd4 40. Nxa5 h5 41. Rh4 Bxc5 42. Nxb7 Be7 43. Rh1 Rb8 44. Na5 Rxb2 45. Kh2 h4 46. Rf1 Bc5 47. Nc4 Rb4 48. Ne5 Rxa4 49. Nxf3 Kg7 50. Rd1 Nd5 51. Ng5 Bd6+ 52. Kh1 Ra1 53. Nxe6+ Kf6 54. Nd4 Nc3 55. g7 Kxg7 56. Nf5+ Kf6 57. Rxd6+ Ke5 58. Rxc6 Rxb1+ 59. Kg2 1/2-1/2

[Event "2nd Serbian League-Vojvodina 2023"]
[Site "Novi Sad"]
[Date "2023.11.08"]
[Round "9.9"]
[White "Strbac, Mladen"]
[Black "Pajcin, Lav"]
[Result "1/2-1/2"]
[ECO "B62"]
[WhiteElo "2246"]
[BlackElo "2109"]
[Annotator "RC"]
[PlyCount "51"]
[EventDate "2023.10.22"]
[EventType "team-tourn"]
[EventCountry "SRB"]
[SourceTitle "playchess.com"]
[Source "ChessBase"]
[SourceQuality "1"]
[TimeControl "40/5400+30:1800+30"]

1. e4 c5 2. Nf3 d6 3. d4 cxd4 4. Nxd4 Nf6 5. Nc3 Nc6 6. Bg5 e6 7. Qd3 Be7 8. O-O-O O-O 9. h4 Qb6 10. Nxc6 bxc6 11. Qg3 Rb8 12. b3 Kh8 13. Kb1 Qc5 14. Be2 Rb4 15. f4 d5 16. e5 Ng8 17. Bxe7 Nxe7 18. a3 Rb8 19. Kb2 Nf5 20. Qf3 Nd4 21. Qd3 Nxe2 22. Qxe2 Qa5 23. Rh3 c5 24. Qh5 Qc7 25. Rg3 Rg8 26. Qe2 1/2-1/2

[Event "2nd Serbian League-Vojvodina 2023"]
[Site "Novi Sad"]
[Date "2023.11.08"]
[Round "9.10"]
[White "Gagic, Milan A"]
[Black "Milanovic, Marko"]
[Result "1-0"]
[ECO "C84"]
[WhiteElo "2164"]
[BlackElo "2248"]
[Annotator "RC"]
[PlyCount "139"]
[EventDate "2023.10.22"]
[EventType "team-tourn"]
[EventCountry "SRB"]
[SourceTitle "playchess.com"]
[Source "ChessBase"]
[SourceQuality "1"]
[TimeControl "40/5400+30:1800+30"]

1. e4 e5 2. Nf3 Nc6 3. Bb5 a6 4. Ba4 Nf6 5. O-O Be7 6. d3 d6 7. c3 O-O 8. Re1 b5 9. Bc2 h6 10. Nbd2 Re8 11. Nf1 Bf8 12. d4 Bg4 13. d5 Ne7 14. h3 Bd7 15. b3 c6 16. c4 cxd5 17. cxd5 Rc8 18. Ng3 g5 19. Nh2 Ng6 20. Bd3 Nf4 21. Bf1 Rc7 22. Ng4 Nh7 23. Ne3 Qf6 24. a4 Qg6 25. axb5 axb5 26. Ra6 Nf6 27. Ba3 Nxe4 28. Nxe4 Qxe4 29. Bxd6 Bxd6 30. Rxd6 Kg7 31. g3 Ng6 32. Rxd7 Rxd7 33. Bxb5 Red8 34. Bxd7 Rxd7 35. Qg4 Qxg4 36. hxg4 Kf6 37. Ra1 Rd6 38. Ra7 Ne7 39. Ra5 Rb6 40. Nc4 Rxb3 41. Ra6+ Kg7 42. d6 Ng6 43. d7 Rb8 44. Rc6 Rd8 45. Nb6 Kf8 46. Kg2 Ke7 47. Kf3 f6 48. Ke4 Nf8 49. Kf5 Rb8 50. Rxf6 Nxd7 51. Re6+ Kd8 52. Nxd7 Kxd7 53. Rxe5 Rf8+ 54. Kg6 Rxf2 55. Kxh6 Kd6 56. Rf5 Rg2 57. Kxg5 Rxg3 58. Rf1 Ke6 59. Kh5 Rg2 60. g5 Rh2+ 61. Kg6 Ke7 62. Kg7 Rg2 63. Re1+ Kd7 64. g6 Rg3 65. Kf7 Rf3+ 66. Kg8 Rg3 67. g7 Kd6 68. Rh1 Ke7 69. Kh8 Kf7 70. Rf1+ 1-0

[Event "2nd Serbian League-Vojvodina 2023"]
[Site "Novi Sad"]
[Date "2023.11.08"]
[Round "9.11"]
[White "Levnajic, Pavle"]
[Black "Pavkov, Nebojsa"]
[Result "1-0"]
[ECO "D02"]
[WhiteElo "2160"]
[BlackElo "2199"]
[Annotator "RC"]
[PlyCount "95"]
[EventDate "2023.10.22"]
[EventType "team-tourn"]
[EventCountry "SRB"]
[SourceTitle "playchess.com"]
[Source "ChessBase"]
[SourceQuality "1"]
[TimeControl "40/5400+30:1800+30"]

1. d4 Nf6 2. Nf3 g6 3. Nbd2 d5 4. b4 Bg7 5. Bb2 O-O 6. e3 b6 7. c4 e6 8. Rc1 Nfd7 9. cxd5 exd5 10. Qb3 Bb7 11. a4 c6 12. Be2 a5 13. bxa5 Rxa5 14. Bc3 Ra7 15. O-O c5 16. Ra1 c4 17. Qc2 f5 18. Ne5 Nxe5 19. dxe5 Nd7 20. f4 Bc6 21. Bb4 Qa8 22. Bxf8 Bxf8 23. Bf3 Nc5 24. Rfb1 Ne4 25. Bxe4 fxe4 26. Qc3 Bc5 27. Nf1 Bxa4 28. e6 Qc6 29. Qf6 Qc7 30. f5 gxf5 31. Qxf5 Bc6 32. Rxa7 Qxa7 33. Qg5+ Qg7 34. Qd8+ Qf8 35. Qc7 Qe8 36. Qg3+ Qg6 37. Qe5 b5 38. Qb8+ Qe8 39. Qg3+ Kf8 40. Qh3 Qg6 41. Nd2 c3 42. Nb3 Bb6 43. Rf1+ Ke7 44. Nd4 Bxd4 45. exd4 b4 46. Rf7+ Kd6 47. Qh4 Qxe6 48. Qf4+ 1-0

[Event "2nd Serbian League-Vojvodina 2023"]
[Site "Novi Sad"]
[Date "2023.11.08"]
[Round "9.12"]
[White "Cica, Dragan"]
[Black "Milanovic, Stanko"]
[Result "1-0"]
[ECO "B80"]
[WhiteElo "2125"]
[BlackElo "2115"]
[Annotator "RC"]
[PlyCount "75"]
[EventDate "2023.10.22"]
[EventType "team-tourn"]
[EventCountry "SRB"]
[SourceTitle "playchess.com"]
[Source "ChessBase"]
[SourceQuality "1"]
[TimeControl "40/5400+30:1800+30"]

1. e4 c5 2. Nf3 e6 3. d4 cxd4 4. Nxd4 Nf6 5. Bd3 d6 6. Nc3 a6 7. Be3 Be7 8. f3 Qc7 9. g4 Nfd7 10. Qd2 Nc6 11. O-O-O b5 12. Rhe1 O-O 13. Nxc6 Qxc6 14. e5 b4 15. exd6 bxc3 16. Qe2 Bf6 17. b3 Bb7 18. g5 Bxg5 19. f4 Bf6 20. Rg1 Qf3 21. Qe1 Qh5 22. Qf1 Qxh2 23. Re1 Rfd8 24. Rg4 Nf8 25. f5 Qxd6 26. fxe6 Qa3+ 27. Kd1 Rxd3+ 28. cxd3 Qxa2 29. Qxf6 Qxb3+ 30. Ke2 Qc2+ 31. Kf1 Nxe6 32. Qf5 Rd8 33. Bd4 Nxd4 34. Rxg7+ Kxg7 35. Qg5+ Kf8 36. Qxd8+ Kg7 37. Qg5+ Kf8 38. Qh6+ 1-0

[Event "2nd Serbian League-Vojvodina 2023"]
[Site "Novi Sad"]
[Date "2023.11.08"]
[Round "9.13"]
[White "Balla, Tamas-Kristof"]
[Black "Somborski, Nebojsa"]
[Result "1/2-1/2"]
[ECO "D36"]
[WhiteElo "2308"]
[BlackElo "2266"]
[Annotator "RC"]
[PlyCount "25"]
[EventDate "2023.10.22"]
[EventType "team-tourn"]
[EventCountry "SRB"]
[SourceTitle "playchess.com"]
[Source "ChessBase"]
[SourceQuality "1"]
[TimeControl "40/5400+30:1800+30"]

1. d4 d5 2. c4 e6 3. Nc3 Be7 4. Nf3 Nf6 5. cxd5 exd5 6. Bg5 c6 7. Qc2 g6 8. e3 Bf5 9. Bd3 Bxd3 10. Qxd3 Nbd7 11. O-O O-O 12. Rab1 a5 13. Nd2 1/2-1/2

[Event "2nd Serbian League-Vojvodina 2023"]
[Site "Novi Sad"]
[Date "2023.11.08"]
[Round "9.14"]
[White "Jakovljev, Zoran"]
[Black "Kopasz, Robert"]
[Result "0-1"]
[ECO "C68"]
[WhiteElo "2194"]
[BlackElo "2241"]
[Annotator "RC"]
[PlyCount "100"]
[EventDate "2023.10.22"]
[EventType "team-tourn"]
[EventCountry "SRB"]
[SourceTitle "playchess.com"]
[Source "ChessBase"]
[SourceQuality "1"]
[TimeControl "40/5400+30:1800+30"]

1. e4 e5 2. Nf3 Nc6 3. Bb5 a6 4. Bxc6 dxc6 5. d3 Bd6 6. O-O Ne7 7. Be3 f6 8. Nbd2 Be6 9. Qe2 Qd7 10. a3 g5 11. Rfb1 Ng6 12. b4 g4 13. Ne1 h5 14. a4 h4 15. c4 Kf7 16. Nc2 Rag8 17. c5 Be7 18. g3 Rh7 19. Nf1 f5 20. exf5 Bxf5 21. Rd1 Bf6 22. Rd2 Qd5 23. Ne1 Nf8 24. d4 Ne6 25. dxe5 Qxe5 26. Rad1 Qe4 27. Rd7+ Kg6 28. Rxh7 Kxh7 29. Rd7+ Rg7 30. Rxg7+ Bxg7 31. f3 Qxb4 32. gxh4 Nd4 33. Bxd4 Qxd4+ 34. Kg2 gxf3+ 35. Nxf3 Qe4 36. Qf2 Qg4+ 37. Qg3 Bh6 38. Ng5+ Kg6 39. Nf3 Bf4 40. Qxg4+ Bxg4 41. Ng3 Be6 42. Kf2 a5 43. Ne2 Bh6 44. Ned4 Bd5 45. Ne5+ Kh7 46. Nf5 b5 47. axb5 cxb5 48. Nd7 Be6 49. Nxh6 Kxh6 50. c6 a4 0-1

[Event "2nd Serbian League-Vojvodina 2023"]
[Site "Novi Sad"]
[Date "2023.11.08"]
[Round "9.16"]
[White "Telecki, Ivan"]
[Black "Gusev, Mikhail"]
[Result "0-1"]
[ECO "C00"]
[WhiteElo "2260"]
[BlackElo "2012"]
[Annotator "RC"]
[PlyCount "82"]
[EventDate "2023.10.22"]
[EventType "team-tourn"]
[EventCountry "SRB"]
[SourceTitle "playchess.com"]
[Source "ChessBase"]
[SourceQuality "1"]
[TimeControl "40/5400+30:1800+30"]

1. e4 c5 2. d3 e6 3. Nd2 d5 4. g3 Nc6 5. Bg2 Nge7 6. b3 g6 7. Bb2 d4 8. h4 h5 9. a4 Bh6 10. Ngf3 e5 11. Ba3 b6 12. Nc4 Qc7 13. Bc1 Bg7 14. Nh2 O-O 15. g4 hxg4 16. Nxg4 f5 17. Nh6+ Kh7 18. h5 g5 19. Nxf5 Nxf5 20. exf5 Bxf5 21. Bxg5 e4 22. dxe4 Rae8 23. Kf1 Bxe4 24. Bxe4+ Rxe4 25. h6 Bh8 26. Qd3 Rfe8 27. Re1 Nb4 28. Rxe4 Nxd3 29. Rxe8 Qc6 30. Re7+ Kg6 31. Rg1 Qf3 32. cxd3 Qxd3+ 33. Ke1 Qb1+ 34. Bc1+ Kf6 35. Ke2 Qc2+ 36. Bd2 Kxe7 37. Rg8 Qxb3 38. Rxh8 Qxc4+ 39. Kf3 Qd3+ 40. Kg4 Qe2+ 41. Kf5 Qe6+ 0-1

[Event "2nd Serbian League-Vojvodina 2023"]
[Site "Novi Sad"]
[Date "2023.11.08"]
[Round "9.17"]
[White "Levitan, Judah Nathan"]
[Black "Varga, Robert"]
[Result "1/2-1/2"]
[ECO "B13"]
[WhiteElo "1937"]
[BlackElo "2043"]
[Annotator "RC"]
[PlyCount "37"]
[EventDate "2023.10.22"]
[EventType "team-tourn"]
[EventCountry "SRB"]
[SourceTitle "playchess.com"]
[Source "ChessBase"]
[SourceQuality "1"]
[TimeControl "40/5400+30:1800+30"]

1. e4 c6 2. d4 d5 3. exd5 cxd5 4. Bd3 Nc6 5. c3 Nf6 6. Bf4 g6 7. Nf3 Bg7 8. h3 O-O 9. O-O a6 10. Nbd2 e6 11. Ne5 Nxe5 12. Bxe5 Bd7 13. Qb3 Bc6 14. Nf3 Bh6 15. Bh2 Ne4 16. Rfe1 Nd2 17. Nxd2 Bxd2 18. Re2 Bh6 19. a4 1/2-1/2

[Event "2nd Serbian League-Vojvodina 2023"]
[Site "Novi Sad"]
[Date "2023.11.08"]
[Round "9.19"]
[White "Agdelen, Huseyin Can"]
[Black "Farkas, Sandor I"]
[Result "1-0"]
[ECO "B90"]
[WhiteElo "2401"]
[BlackElo "2112"]
[Annotator "RC"]
[PlyCount "55"]
[EventDate "2023.10.22"]
[EventType "team-tourn"]
[EventCountry "SRB"]
[SourceTitle "playchess.com"]
[Source "ChessBase"]
[SourceQuality "1"]
[TimeControl "40/5400+30:1800+30"]

1. e4 c5 2. Nf3 d6 3. d4 cxd4 4. Nxd4 Nf6 5. Nc3 a6 6. h3 e5 7. Nb3 h5 8. Bg5 Be7 9. Qd3 Be6 10. f4 Nc6 11. O-O-O Rc8 12. Kb1 Qc7 13. Be2 b5 14. Qe3 Nb4 15. a3 Nc6 16. Nd5 Bxd5 17. exd5 Nd4 18. Nxd4 exd4 19. Qb3 Qc5 20. Bf3 a5 21. Rhe1 Kf8 22. Qd3 Nxd5 23. Bxd5 Bxg5 24. Qf5 Bf6 25. Qd7 Qxc2+ 26. Ka2 Qxb2+ 27. Kxb2 d3+ 28. Kb1 1-0

[Event "2nd Serbian League-Vojvodina 2023"]
[Site "Novi Sad"]
[Date "2023.11.08"]
[Round "9.20"]
[White "Szalai, Kornel"]
[Black "Lalic, Bogdan"]
[Result "1-0"]
[ECO "A35"]
[WhiteElo "2383"]
[BlackElo "2345"]
[Annotator "RC"]
[PlyCount "105"]
[EventDate "2023.10.22"]
[EventType "team-tourn"]
[EventCountry "SRB"]
[SourceTitle "playchess.com"]
[Source "ChessBase"]
[SourceQuality "1"]
[TimeControl "40/5400+30:1800+30"]

1. Nf3 c5 2. c4 Nc6 3. Nc3 g6 4. h4 Nf6 5. b3 Bg7 6. Bb2 d6 7. g3 O-O 8. Bg2 e5 9. d3 a6 10. Ng5 h6 11. Nge4 Ng4 12. e3 f5 13. Bf3 Nb4 14. O-O fxe4 15. Bxg4 Nxd3 16. Bxc8 Rxc8 17. Nxe4 Nxb2 18. Qd5+ Kh7 19. Rfb1 Rc6 20. Rxb2 Qe7 21. Rd2 Rd8 22. Kg2 Bf8 23. a4 Kg7 24. h5 gxh5 25. Rh1 Qf7 26. Nc3 Qg6 27. Qf3 Qg4 28. Rxh5 Qxf3+ 29. Kxf3 Kf7 30. g4 Ke6 31. Ke4 Rd7 32. f3 Rf7 33. Rdh2 Rb6 34. Rb2 Rc6 35. Rf5 Rxf5 36. gxf5+ Kf7 37. Nd5 a5 38. Rg2 Rc8 39. Rg6 Rd8 40. Nc7 Rc8 41. Nb5 Rc6 42. Kd5 h5 43. Rg5 h4 44. Rh5 Be7 45. Rh7+ Kf8 46. Nc3 Rb6 47. Ne4 Ke8 48. f6 Bf8 49. Ng5 Rxb3 50. Ke4 d5+ 51. cxd5 c4 52. Ne6 c3 53. Rc7 1-0

[Event "2nd Serbian League-Vojvodina 2023"]
[Site "Novi Sad"]
[Date "2023.11.08"]
[Round "9.21"]
[White "Grujic, Zoran"]
[Black "Nadj Hedjesi, Balind"]
[Result "1/2-1/2"]
[ECO "A04"]
[WhiteElo "2315"]
[BlackElo "2227"]
[Annotator "RC"]
[PlyCount "47"]
[EventDate "2023.10.22"]
[EventType "team-tourn"]
[EventCountry "SRB"]
[SourceTitle "playchess.com"]
[Source "ChessBase"]
[SourceQuality "1"]
[TimeControl "40/5400+30:1800+30"]

1. Nf3 g5 2. Nxg5 e5 3. d3 d5 4. e4 Nf6 5. exd5 h6 6. Ne4 Nxd5 7. g3 Nc6 8. Bg2 Be6 9. O-O Be7 10. a3 Qd7 11. b4 f5 12. Nec3 Nf6 13. b5 Nd4 14. Bxb7 Rb8 15. Bg2 h5 16. Bg5 h4 17. Bxh4 Rxh4 18. gxh4 Kf7 19. Nd2 Rg8 20. Nc4 Bd6 21. Kh1 Rg4 22. f3 Rf4 23. Nxd6+ Qxd6 24. Ne2 1/2-1/2

[Event "2nd Serbian League-Vojvodina 2023"]
[Site "Novi Sad"]
[Date "2023.11.08"]
[Round "9.22"]
[White "Farkas, Tibor"]
[Black "Dragojlovic, Andjelko"]
[Result "1/2-1/2"]
[ECO "B39"]
[WhiteElo "2210"]
[BlackElo "2108"]
[Annotator "RC"]
[PlyCount "66"]
[EventDate "2023.10.22"]
[EventType "team-tourn"]
[EventCountry "SRB"]
[SourceTitle "playchess.com"]
[Source "ChessBase"]
[SourceQuality "1"]
[TimeControl "40/5400+30:1800+30"]

1. e4 c5 2. Nf3 g6 3. d4 cxd4 4. Nxd4 Bg7 5. c4 Nc6 6. Be3 Nf6 7. Nc3 Ng4 8. Qxg4 Nxd4 9. Qd1 e5 10. Qd2 O-O 11. Bd3 d6 12. O-O a6 13. Rac1 Be6 14. b3 f5 15. f4 Qe7 16. Rce1 Rae8 17. h3 Kh8 18. Kh2 Qc7 19. Kh1 Re7 20. exf5 gxf5 21. Bxd4 exd4 22. Nd5 Bxd5 23. cxd5 Rxe1 24. Rxe1 Qc5 25. Re7 Qxd5 26. Qe1 b5 27. Re8 Qf7 28. Rxf8+ Bxf8 29. Bc2 Qf6 30. Qd1 Bh6 31. g3 Bg7 32. Qe2 Qf7 33. Kh2 Kg8 1/2-1/2

[Event "2nd Serbian League-Vojvodina 2023"]
[Site "Novi Sad"]
[Date "2023.11.08"]
[Round "9.23"]
[White "Stikovic, Dobrica"]
[Black "Juhasz, Bence R"]
[Result "0-1"]
[ECO "E62"]
[WhiteElo "2162"]
[BlackElo "2210"]
[Annotator "RC"]
[PlyCount "134"]
[EventDate "2023.10.22"]
[EventType "team-tourn"]
[EventCountry "SRB"]
[SourceTitle "playchess.com"]
[Source "ChessBase"]
[SourceQuality "1"]
[TimeControl "40/5400+30:1800+30"]

1. Nf3 Nf6 2. c4 g6 3. Nc3 Bg7 4. g3 O-O 5. Bg2 d6 6. O-O Nc6 7. d4 e5 8. h3 exd4 9. Nxd4 Nxd4 10. Qxd4 Nd7 11. Qd2 a5 12. Qc2 Nc5 13. Bd2 Re8 14. e4 c6 15. Rad1 Qb6 16. Be3 Qb4 17. Rxd6 Na4 18. Nxa4 Qxd6 19. Nb6 Ra6 20. c5 Qf6 21. b3 Be6 22. Rd1 Qb2 23. Qxb2 Bxb2 24. Bf1 Ra7 25. Kg2 Bf6 26. f4 Bd8 27. Nc4 Bc7 28. Nd6 Rd8 29. e5 a4 30. Bc4 axb3 31. Bxe6 fxe6 32. axb3 Ra3 33. Rd3 Kf8 34. Kf3 Rd7 35. g4 Bxd6 36. exd6 Ke8 37. Ke4 Rf7 38. Bd4 Kd7 39. h4 Ra2 40. Rh3 Re2+ 41. Be3 Rg2 42. g5 Rb2 43. Bd4 Rb1 44. h5 gxh5 45. Rxh5 Rxb3 46. Rh2 Rb4 47. Ke3 Rb5 48. Ra2 Rb3+ 49. Ke4 Rb4 50. Ke3 Rb3+ 51. Ke4 Rb4 52. Ke3 Rxf4 53. Kxf4 Rxd4+ 54. Kf3 Rd5 55. Rh2 Rxc5 56. Rxh7+ Kxd6 57. Kg4 b5 58. g6 Rc1 59. Kg5 b4 60. Rh4 Rg1+ 61. Kf6 c5 62. g7 b3 63. Re4 Rxg7 64. Kxg7 b2 65. Re1 c4 66. Kf6 c3 67. Rb1 Kd5 0-1

[Event "2nd Serbian League-Vojvodina 2023"]
[Site "Novi Sad"]
[Date "2023.11.08"]
[Round "10.1"]
[White "Somborski, Nebojsa"]
[Black "Lalic, Bogdan"]
[Result "1/2-1/2"]
[ECO "C70"]
[WhiteElo "2266"]
[BlackElo "2345"]
[Annotator "RC"]
[PlyCount "26"]
[EventDate "2023.10.22"]
[EventType "team-tourn"]
[EventCountry "SRB"]
[SourceTitle "playchess.com"]
[Source "ChessBase"]
[SourceQuality "1"]
[TimeControl "40/5400+30:1800+30"]

1. e4 e5 2. Nf3 Nc6 3. Bb5 a6 4. Ba4 f5 5. d4 exd4 6. e5 b5 7. Bb3 Bb7 8. c3 Na5 9. Bc2 dxc3 10. Nxc3 Bc5 11. Bxf5 Ne7 12. Be4 d5 13. exd6 Qxd6 1/2-1/2